 Dungeon Crawl Stone Soup version 0.21.1-1-g345015f (webtiles) character file.

149779 Verr the Bludgeoner (level 17, -1/109 HPs)
             Began as a Gargoyle Berserker on Feb 28, 2018.
             Was a High Priest of Trog.
             Blown up by an orb spider (39 damage)
             ... with an orb of destruction
             ... on level 4 of the Spider Nest.
             The game lasted 03:13:06 (23214 turns).

Verr the Bludgeoner (Gargoyle Berserker)           Turns: 23214, Time: 03:13:07

Health: -1/109     AC: 38    Str: 23    XL:     17   Next: 52%
Magic:  17/17      EV:  9    Int: 10    God:    Trog [*****.]
Gold:   1002       SH:  0    Dex: 14    Spells: 16/16 levels left

rFire    + . .     SeeInvis +   y - +4 demon whip
rCold    . . .     Gourm    .   e - +0 large shield
rNeg     + . .     Faith    .   w - +5 plate armour
rPois    ∞         Spirit   .   s - +1 hat {SInv}
rElec    +         Reflect  +   Y - +0 cloak {rPois}
rCorr    .         Harm     .   d - +0 pair of gloves
MR       +....                  (no boots)
Stlth    ..........             U - brooch of Shielding {Reflect SH+8}
HPRegen  0.28/turn              p - +5 ring of evasion
MPRegen  0.15/turn              N - +3 ring of evasion

@: flying, held
A: big wings, clever 1, fire resistance 1, negative energy resistance 1,
electricity resistance, unbreathing, petrification resistance, rot immunity, AC
+12
a: Stop Flying, Berserk, Trog's Hand, Brothers in Arms, Burn Spellbooks,
Renounce Religion


You were on level 4 of the Spider Nest.
You worshipped Trog.
Trog was extremely pleased with you.
You were very hungry.

You visited 5 branches of the dungeon, and saw 25 of its levels.

You collected 2471 gold pieces.
You spent 1469 gold pieces at shops.

Inventory:

Hand Weapons
 f - a +1 great mace of holy wrath
 y - a +4 demon whip (weapon)
 B - a +1 antimagic dire flail
 H - the +8 mace of Tomorrow {flame, Int+3}
   (Trog gifted it to you on level 2 of the Spider Nest)

   It has been specially enchanted to burn those struck by it, causing extra
   injury to most foes and up to half again as much damage against particularly
   susceptible opponents.
   It affects your intelligence (+3).
Missiles
 q - 35 tomahawks (quivered)
Armour
 d - a +0 pair of gloves (worn)
 e - a +0 large shield (worn)
 s - a +1 hat of see invisible (worn)
 w - a +5 plate armour (worn)
 Y - a +0 cloak of poison resistance (worn)
Jewellery
 a - an uncursed ring of protection from cold
 b - the ring of the Jackalope {+Fly rPois rC+ MR- Dex-4}
   (You took it off Josephine on level 4 of the Lair of Beasts)

   [ring of protection from cold]

   It affects your dexterity (-4).
   It protects you from cold.
   It protects you from poison.
   It affects your resistance to hostile enchantments.
   It lets you fly.
 k - an uncursed ring of protection from cold
 p - a +5 ring of evasion (left hand)
 N - a +3 ring of evasion (right hand)
 R - an uncursed amulet of regeneration
 U - the brooch of Shielding (around neck) {Reflect SH+8}
   (You found it on level 5 of the Lair of Beasts)

   [amulet of reflection]

   It shields you and reflects attacks.
   It affects your SH (+8).
Wands
 r - a wand of scattershot (7)
 u - a wand of acid (18)
 z - a wand of polymorph (19)
 E - a wand of paralysis (27)
 I - a wand of digging (12)
 J - a wand of flame (29)
 L - a wand of random effects (139)
 O - a wand of iceblast (12)
Scrolls
 h - 9 scrolls of remove curse
 i - a scroll of noise {unknown}
 j - 12 scrolls of teleportation
 m - 3 scrolls of magic mapping
 n - 2 scrolls of fear
 C - a scroll of enchant armour
 P - a scroll of summoning
 W - 3 scrolls of immolation
 Z - 2 scrolls of holy word
Potions
 l - 3 potions of might
 o - 4 potions of haste
 t - 2 potions of lignification
 v - 2 potions of flight
 x - a potion of berserk rage
 A - 2 potions of brilliance
 F - 4 potions of heal wounds
 G - 2 potions of magic
 K - 4 potions of mutation
 M - 5 potions of agility
 X - 4 potions of curing
Miscellaneous
 Q - a phial of floods
Comestibles
 c - 28 rations


   Skills:
 + Level 13.6 Fighting
 * Level 16.9 Maces & Flails
 * Level 13.8 Armour
 + Level 11.5 Dodging
 + Level 11.7 Shields


You had 16 spell levels left.
You didn't know any spells.

Dungeon Overview and Level Annotations

Branches:
Dungeon (12/15)            Temple (1/1) D:4            Lair (6/6) D:10
  Swamp (0/4) Lair:2       Spider (4/4) Lair:3        Slime (0/5) Lair:6
    Orc (2/2) D:12            Elf (0/3) Orc:2

Altars:
Ashenzari
Cheibriados
Dithmenos
Elyvilon
Fedhas
Gozag
Hepliaklqana
Kikubaaqudgha
Makhleb
Nemelex Xobeh
Okawaru
Qazlal
Ru
Sif Muna
Trog
Uskayaw
Vehumet
Wu Jian
Xom
Yredelemnul
Zin
The Shining One
Jiyva

Shops:
D:4 ?   D:6 [%   D:10 =   D:12 ([   Orc:2 [}!}


Innate Abilities, Weirdness & Mutations

You are resistant to torment.
Your stone body is resilient. (AC +12)
You are immune to poison.
Your large and strong wings let you fly indefinitely.
You resist negative energy. (rN+)
You are resistant to electric shocks. (rElec)
You can survive without breathing.
You are immune to petrification.
You are immune to rotting.
Your mind is acute. (Int +2)
Your flesh is heat resistant. (rF+)


Message History

The tarantella is severely wounded.
The orb spider weaves a glowing orb of energy.
You block the tarantella's attack.
An orb of destruction comes into view.
The tarantella barely misses you.
You completely miss the tarantella.
The tarantella is severely wounded.
You block the tarantella's attack.
The orb spider weaves a glowing orb of energy.
An orb of destruction comes into view.
The orb of destruction hits the tarantella.
The tarantella is blown up!
The orb of destruction reflects off an invisible shield around you!
The orb of destruction hits you!
The orb spider weaves a glowing orb of energy.
An orb of destruction comes into view.
The orb spider pulsates with a strange energy.
The orb spider begins to weave its threads into a brightly glowing ball.
You are caught in the web!
The orb of destruction hits you!
You die...

##... . #.... #####
...
.....####...^##^^.
.......#..#........
.......^...s...^...
.......s..^@.......
.......§§§§.s......
......<......#.....
......#............
....#.......^......
...#...............
...................
.................##
.#^......#%......#


You could see 3 orb spiders.

Vanquished Creatures
  Gastronok (D:11)
  The ghost of shakethe the Cleaver, a journeyman DsGl of Okawaru (Spider:1)
  2 emperor scorpions
  7 entropy weavers
  Nessos (Lair:5)
  The ghost of inc the Thaumaturge, a journeyman FeFE of Gozag (Spider:1)
  Josephine (Lair:4)
  7 hydras
  2 catoblepae (Lair:6)
  A deep troll shaman (Lair:6)
  3 two-headed ogres
  A death knight (D:11)
  A queen ant (Spider:1)
  4 death yaks (Lair:6)
  An orc high priest (Orc:2)
  5 skeletal warriors (D:11)
  An unseen horror (D:12)
  Pikel (D:4)
  2 orc knights
  18 wolf spiders
  6 orc sorcerers (Orc:2)
  3 cyclopes
  A manticore (D:12)
  11 orb spiders
  2 ugly things
  2 black mambas
  A moth of wrath (Spider:3)
  11 elephants
  A torpor snail (Lair:6)
  A gargoyle (D:12)
  7 spiny frogs
  2 rime drakes
  5 komodo dragons
  7 trolls
  6 demonic crawlers
  20 jumping spiders
  2 queen bees
  2 polar bears
  5 hornets
  9 hippogriffs
  7 dream sheep (Lair:6)
  Prince Ribbit (D:5)
  14 blink frogs
  A shadow (D:11)
  66 redbacks
  5 wraiths (Lair:4)
  13 tarantellas
  A spriggan (Lair:3)
  4 wyverns
  5 basilisks
  69 yaks
  A hungry ghost (D:10)
  A steam dragon (D:10)
  Menkaure (D:4)
  Edmund (D:5)
  21 water moccasins
  24 soldier ants
  8 porcupines
  5 black bears
  An ice beast (D:10)
  2 phantoms
  5 sky beasts
  The ghost of Serooblart the Skirmisher, an amateur MiBe of Trog (D:3)
  12 ogres
  19 orc warriors
  A necrophage (D:5)
  20 wolves
  18 crocodiles
  7 centaurs
  4 big kobolds
  Blork the orc (D:4)
  18 bullfrogs
  A wyvern skeleton (D:12)
  4 scorpions
  36 killer bees
  8 wights
  7 howler monkeys
  4 crimson imps
  A bullfrog zombie (D:8)
  A quasit (D:8)
  A centaur zombie (D:11)
  8 hounds
  Crazy Yiuf (D:4)
  25 orc priests
  4 jellies
  30 orc wizards
  3 centaur skeletons
  A bullfrog skeleton (D:5)
  An iguana (D:9)
  Terence (D:3)
  24 worker ants
  A hound zombie (D:10)
  12 adders
  4 gnolls (D:8)
  A shadow imp (D:10)
  3 oozes
  2 adder zombies
  7 worms
  A dart slug (D:1)
  7 leopard geckos
  70 orcs
  A ball python (D:3)
  6 bats
  9 giant cockroaches
  6 goblins
  7 hobgoblins
  6 jackals
  28 kobolds
  2 quokkas
  6 frilled lizards
  2 leopard gecko skeletons
  A quokka skeleton (D:5)
  8 rats
  A plant (D:10)
874 creatures vanquished.

Vanquished Creatures (collateral kills)
  A demonic crawler (Lair:3)
  A hornet (Lair:3)
  A redback (Lair:3)
  3 tarantellas (Lair:3)
  A black bear (D:8)
  A necrophage (D:9)
  An ogre (D:9)
  4 killer bees (D:8)
  3 wights (D:9)
  An orc wizard (D:9)
  An adder (D:9)
  An orc (D:9)
19 creatures vanquished.

Vanquished Creatures (others)
  A jumping spider (Spider:1)
  A tarantella (Spider:4)
  2 redbacks
  2 soldier ants (Spider:1)
  A worker ant (Spider:1)
  An orc (Orc:2)
  A kobold (D:11)
  A bush (D:10)
  16 fungi
  12 plants
38 creatures vanquished.

Grand Total: 931 creatures vanquished

Notes
Turn   | Place    | Note
-------+----------+-------------------------------------------
     0 | D:1      | Verr the Gargoyle Berserker began the quest for the Orb.
     0 | D:1      | Reached XP level 1. HP: 14/14 MP: 1/1
     1 | D:1      | Found a runed door.
    13 | D:1      | Noticed a jelly
   102 | D:1      | Reached XP level 2. HP: 13/19 MP: 2/2
   392 | D:1      | Reached XP level 3. HP: 23/23 MP: 3/3
   556 | D:1      | Reached ** piety under Trog
   591 | D:1      | Reached XP level 4. HP: 13/29 MP: 4/4
   925 | D:2      | Reached skill level 4 in Maces & Flails
  1134 | D:2      | Reached XP level 5. HP: 10/33 MP: 5/5
  1251 | D:2      | Found a glowing golden altar of the Shining One.
  1842 | D:3      | Noticed Serooblart's ghost (amateur MiBe)
  1854 | D:3      | Killed Serooblart's ghost
  1854 | D:3      | Reached XP level 6. HP: 39/39 MP: 6/6
  2228 | D:3      | Found an opulent altar of Gozag.
  2402 | D:3      | Noticed Terence
  2409 | D:3      | Reached *** piety under Trog
  2416 | D:3      | Killed Terence
  2416 | D:3      | Reached skill level 5 in Maces & Flails
  2714 | D:4      | Noticed Menkaure
  2720 | D:4      | Killed Menkaure
  2720 | D:4      | Reached XP level 7. HP: 44/44 MP: 7/7
  2796 | D:4      | Reached skill level 5 in Fighting
  2819 | D:4      | Found Nodetz's Magic Scroll Boutique.
  2824 | D:4      | Bought a scroll of identify for 26 gold pieces
  2824 | D:4      | Bought a scroll of identify for 26 gold pieces
  2824 | D:4      | Bought a scroll of enchant armour for 97 gold pieces
  2824 | D:4      | Bought a scroll of identify for 26 gold pieces
  2859 | D:4      | Found a staircase to the Ecumenical Temple.
  2893 | D:4      | Noticed Blork the orc
  2912 | D:4      | Killed Blork the orc
  2943 | D:4      | Noticed Pikel
  2959 | D:4      | Killed Pikel
  2959 | D:4      | Reached skill level 6 in Maces & Flails
  2959 | D:4      | Reached skill level 5 in Armour
  2959 | D:4      | Reached XP level 8. HP: 44/51 MP: 8/8
  2985 | D:4      | Found a runed door.
  2989 | D:4      | Noticed Crazy Yiuf
  3002 | D:4      | Killed Crazy Yiuf
  3340 | D:5      | Entered Level 5 of the Dungeon
  3402 | Temple   | Entered the Ecumenical Temple
  3616 | D:5      | Noticed Prince Ribbit
  3624 | D:5      | Killed Prince Ribbit
  3624 | D:5      | Reached skill level 7 in Maces & Flails
  3637 | D:5      | Noticed Edmund
  3665 | D:5      | Killed Edmund
  3778 | D:5      | Found a shadowy altar of Dithmenos.
  3821 | D:5      | Reached XP level 9. HP: 54/56 MP: 9/9
  3893 | D:5      | Reached skill level 8 in Maces & Flails
  4442 | D:6      | Found Fovvoudime's Food Boutique.
  4492 | D:6      | Reached **** piety under Trog
  4572 | D:6      | Found Kamue's Armour Shoppe.
  5490 | D:7      | Reached skill level 5 in Dodging
  5813 | D:8      | Reached skill level 9 in Maces & Flails
  5895 | D:8      | Reached ***** piety under Trog
  5895 | D:8      | Reached XP level 10. HP: 63/63 MP: 10/10
  6072 | D:8      | Gained mutation: Your mind is acute. (Int +2) [potion of mutation]
  6072 | D:8      | Gained mutation: Your flesh is heat resistant. (rF+) [potion of mutation]
  6128 | D:8      | Received a gift from Trog
  6129 | D:8      | Reached skill level 1 in Shields
  6144 | D:8      | HP: 3/64 [killer bee (5)]
  6145 | D:8      | HP: 1/64 [killer bee (4)]
  6765 | D:9      | Noticed a two-headed ogre
  6777 | D:9      | Killed a two-headed ogre
  6777 | D:9      | Reached skill level 10 in Maces & Flails
  6971 | D:9      | Reached XP level 11. HP: 57/69 MP: 11/11
  7464 | D:10     | Entered Level 10 of the Dungeon
  7529 | D:10     | Reached skill level 11 in Maces & Flails
  7749 | D:10     | Reached skill level 5 in Shields
  7837 | D:10     | Found a staircase to the Lair.
  7921 | D:10     | Found Vibovo's Jewellery Emporium.
  7956 | D:10     | Got a bloodstained chain mail
  8324 | D:10     | Reached XP level 12. HP: 76/76 MP: 12/12
  8731 | Lair:1   | Entered Level 1 of the Lair of Beasts
  8754 | Lair:1   | Reached skill level 12 in Maces & Flails
  9771 | Lair:2   | Reached skill level 10 in Fighting
 10216 | Lair:2   | Noticed a seven-headed hydra
 10224 | Lair:2   | Killed a seven-headed hydra
 10224 | Lair:2   | Reached skill level 10 in Armour
 10578 | Lair:2   | Reached ****** piety under Trog
 10664 | Lair:2   | Reached XP level 13. HP: 83/83 MP: 13/13
 10778 | Lair:2   | Found a staircase to the Swamp.
 10838 | Lair:2   | Reached skill level 13 in Maces & Flails
 11258 | Lair:3   | Found a hole to the Spider Nest.
 11633 | Lair:3   | Received a gift from Trog
 11655 | Lair:3   | Got a polished long sword {god gift}
 11656 | Lair:3   | Identified the +1 long sword of Premature Burial {freeze, *Noise rElec Str+2} (Trog gifted it to you on level 3 of the Lair of Beasts)
 12024 | Lair:4   | Noticed Josephine
 12052 | Lair:4   | Killed Josephine
 12079 | Lair:4   | Got a transparent lapis lazuli ring
 12297 | Lair:4   | Got a warped long sword
 12599 | Lair:5   | Noticed Nessos
 12618 | Lair:5   | Killed Nessos
 12687 | Lair:5   | Found the brooch of Shielding {Reflect SH+8}
 12705 | Lair:5   | Identified the ring of the Jackalope {+Fly rPois rC+ MR- Dex-4} (You took it off Josephine on level 4 of the Lair of Beasts)
 12929 | Lair:5   | Reached skill level 14 in Maces & Flails
 13303 | Lair:6   | Entered Level 6 of the Lair of Beasts
 13348 | Lair:6   | Found a staircase to the Slime Pits.
 13349 | Lair:6   | Found a viscous altar of Jiyva.
 13374 | Lair:6   | Received a gift from Trog
 13466 | Lair:6   | Gained mutation: Your large and strong wings let you fly indefinitely. [Gargoyle growth]
 13466 | Lair:6   | Reached XP level 14. HP: 77/90 MP: 14/14
 15738 | D:11     | Reached skill level 15 in Maces & Flails
 16114 | D:11     | Noticed Gastronok
 16141 | D:11     | Killed Gastronok
 16152 | D:11     | Reached skill level 10 in Shields
 16165 | D:11     | Reached XP level 15. HP: 44/96 MP: 15/15
 16578 | D:12     | Found Sez Piag's Armour Shoppe.
 16656 | D:12     | Found a staircase to the Orcish Mines.
 16658 | D:12     | Found Uwnixt's Weapon Shoppe.
 16690 | D:12     | Bought a +0 demon whip for 210 gold pieces
 16773 | D:12     | Received a gift from Trog
 17236 | Orc:1    | Entered Level 1 of the Orcish Mines
 17754 | Orc:2    | Entered Level 2 of the Orcish Mines
 18089 | Orc:2    | Received a gift from Trog
 18259 | Orc:2    | Found a bloodstained altar of Trog.
 18560 | Orc:2    | Found Kiutset's Armour Shop.
 18560 | Orc:2    | Found Joukk's Gadget Shop.
 18561 | Orc:2    | Found Ygump's Gadget Boutique.
 18572 | Orc:2    | Paralysed by an orc sorcerer for 2 turns
 18606 | Orc:2    | Found Giajikask's Distillery.
 18610 | Orc:2    | Bought a potion of heal wounds for 60 gold pieces
 18610 | Orc:2    | Bought a potion of agility for 48 gold pieces
 18610 | Orc:2    | Bought a potion of might for 48 gold pieces
 18610 | Orc:2    | Bought a potion of curing for 36 gold pieces
 18610 | Orc:2    | Bought a potion of haste for 120 gold pieces
 18610 | Orc:2    | Bought a potion of curing for 36 gold pieces
 18610 | Orc:2    | Bought a potion of heal wounds for 60 gold pieces
 18615 | Orc:2    | Bought a phial of floods for 520 gold pieces
 18618 | Orc:2    | Bought a +0 cloak of poison resistance for 102 gold pieces
 18618 | Orc:2    | Bought a +0 large shield for 54 gold pieces
 18653 | Orc:2    | Reached skill level 10 in Dodging
 18653 | Orc:2    | Reached XP level 16. HP: 103/103 MP: 16/16
 18756 | Orc:2    | Found a staircase to the Elven Halls.
 19132 | Spider:1 | Entered Level 1 of the Spider Nest
 19264 | Spider:1 | Noticed shakethe's ghost (journeyman DsGl)
 19546 | Spider:1 | Killed shakethe's ghost
 19636 | Spider:1 | Noticed inc's ghost (journeyman FeFE)
 19662 | Spider:1 | Killed inc's ghost
 19795 | Spider:1 | Reached skill level 16 in Maces & Flails
 20221 | Spider:1 | Received a gift from Trog
 20835 | Spider:1 | Reached XP level 17. HP: 109/109 MP: 17/17
 21188 | Spider:2 | Received a gift from Trog
 21193 | Spider:2 | Got an iridescent mace {god gift}
 21201 | Spider:2 | Identified the +8 mace of Tomorrow {flame, Int+3} (Trog gifted it to you on level 2 of the Spider Nest)
 21515 | Spider:2 | You are sucked into a shaft!
 22991 | Spider:4 | Entered Level 4 of the Spider Nest
 23044 | Spider:4 | Received a gift from Trog
 23214 | Spider:4 | Blown up by an orb spider

Skill      XL: |  1  2  3  4  5  6  7  8  9 10 11 12 13 14 15 16 |
---------------+-------------------------------------------------+-----
Dodging        | 2 3 4 5 6 7 8 9 10 11 | 11.5
Armour         | 3 4 5 7 8 9 10 11 12 13 | 13.8
Maces & Flails | 4 5 6 7 9 10 11 12 14 15 16 | 16.9
Fighting       | 4 5 6 7 8 9 10 11 12 13 | 13.6
Shields        | 3 5 7 8 10 11 | 11.7

Action                   |  1- 3 |  4- 6 |  7- 9 | 10-12 | 13-15 | 16-18 || total
-------------------------+-------+-------+-------+-------+-------+-------++-------
Melee: Mace              |   118 |   194 |       |       |   157 |       ||   469
       Flail             |       |    30 |    57 |   137 |       |       ||   224
       Whip              |       |       |   392 |     8 |       |       ||   400
       Great mace        |       |       |       |   878 |   891 |       ||  1769
       Demon whip        |       |       |       |       |   443 |  1208 ||  1651
Throw: Tomahawk          |       |     2 |       |       |       |       ||     2
Invok: Berserk           |     1 |     4 |     3 |     6 |     4 |     5 ||    23
       Trog's Hand       |       |     2 |       |       |     7 |     6 ||    15
       Burn Spellbooks   |       |       |     2 |     1 |     1 |     1 ||     5
       Brothers in Arms  |       |       |       |     2 |       |     1 ||     3
 Abil: Fly               |       |       |       |       |     1 |       ||     1
Evoke: Wand              |       |       |       |       |     2 |       ||     2
  Use: Scroll            |       |     3 |     6 |    15 |    19 |     1 ||    44
       Potion            |       |     1 |     2 |     5 |     4 |     1 ||    13
 Stab: Petrified         |       |       |       |       |     2 |       ||     2
       Petrifying        |       |       |       |       |     1 |       ||     1
       Held in net/web   |       |       |       |       |       |     1 ||     1
  Eat: Chunk             |       |     7 |    11 |    21 |    20 |     8 ||    67
       Ration            |       |     1 |     1 |     1 |     4 |     4 ||    11
Armor: Leather armour    |    58 |    92 |       |       |       |       ||   150
       Chain mail        |       |    18 |   143 |   516 |   392 |       ||  1069
       Plate armour      |       |       |       |       |    98 |   419 ||   517
Dodge: Dodged            |    76 |   142 |   267 |  1533 |  1003 |   569 ||  3590
Block: Buckler           |       |       |       |   111 |       |       ||   111
       Other             |       |       |       |       |   279 |       ||   279
       Shield            |       |       |       |       |   399 |       ||   399
       Reflection        |       |       |       |       |    27 |     3 ||    30
       Large shield      |       |       |       |       |       |  1743 ||  1743
